groovejumper, neutral female human Wizard ---------- ----------- ----- |..._....| |.........-############ ------- |...| ##........>| |.........| # |.<...| |...| # |........| |.........| ### |......###### |...| ### --.------- |........@| ----- # |.....| # |...| # # |.........a## ##....| ##......| ##.....######### ### ----------- # # |...| ------- ----- # #####....| --------|-- # |...| |..........## ### ----- |.........| # # |....(....| ###------ ### ---------- ----------- #-....| ##################-.........# |....| -----## |.^......|###########################-...#| |....## |........| ------ |{..|# ---------- |...+# ----- groovejumper the Conjurer Experience level: 5 Strength: 11 Dexterity: 15 Constitution: 11 Intelligence: 18 Wisdom: 11 Charisma: 12 Health: 0(36) Energy: 40(46) AC: 7 Gold: 187 Moves: 2486 Your Inventory: Coins $ - 187 gold pieces Amulets t - an uncursed amulet of ESP Weapons a - a blessed +2 quarterstaff (weapon in hands) Armor b - an uncursed +0 cloak of magic resistance (being worn) E - an uncursed +0 leather armor of searching (being worn) Comestibles p - an uncursed [stale] egg T - an uncursed fortune cookie Scrolls k - an uncursed scroll of stinking cloud s - a cursed scroll called light [of light] u - 2 uncursed scrolls called light [of light] M - a cursed scroll called enchant armor remove curse [of enchant armor] O - an uncursed scroll labeled HZLRC KSTSBD MPFNG [of fire] Spellbooks l - a blessed spellbook of force bolt Potions f - an uncursed clear potion [of water] g - an uncursed diluted potion of booze h - an uncursed potion of sleeping m - an uncursed potion called restore ability [of restore ability] o - an uncursed potion of gain ability Rings d - an uncursed ring of free action e - an uncursed ring of stealth w - an uncursed ring of polymorph control Wands c - an uncursed wand of probing (0:6) q - an [uncursed] silver wand [of undead turning (0:8)] S - an uncursed steel wand [of digging (0:4)] Tools n - an uncursed blindfold x - an uncursed bell Spells known in the end: Name Level Category Fail Memory a - force bolt 1 attack 0% [||||||||] b - cure blindness 2 healing 53% [||||||||] c - knock 1 matter 0% [||||||||] d - invisibility 4 escape 100% [||||||||] e - detect treasure 4 divination 100% [||||||||] Your skills at the end: Fighting Skills Weapon Skills quarterstaff [Basic / Expert] Spellcasting Skills attack spells [Basic / Expert] enchantment spells [Basic / Skilled] Final Attributes: You were stridently aligned. Hunger level was 368. Your alignment was 8 / 22. Monster difficulty range was 1 - 5. Level difficulty was 6. You were magic-protected. You had automatic searching. Your luck was zero. You are dead. Vanquished creatures: a small mimic a dingo a raven 4 enormous rats a fog cloud a gnome lord 2 gnomish wizards a straw golem 3 giant ants a floating eye a dwarf a centipede a giant bat an iguana a gas spore 3 hobbits a large kobold 3 giant rats a red mold 2 geckos 2 jackals a kobold 4 grid bugs 3 lichens a kobold zombie a newt 43 creatures vanquished. Voluntary challenges: You used a wielded weapon 33 times. You read items or engraved 10 times. You put on armor 3 times. You never genocided any monsters. You never polymorphed an object. You never changed form. You used no wishes. You wrote Elbereth's name 1 time. You encountered 1 bones level. You never used any Sokoban shortcuts. Dungeon overview: The Dungeons of Doom: levels 1 to 6 Level 1 a long staircase Level 2 a fountain Level 3 a general store stairs to The Gnomish Mines Level 5 a potion shop Level 6 <- You were here an altar, a fountain, a sink The Gnomish Mines: Level 4 stairs to The Dungeons of Doom History has recorded: On T:1 you entered the Dungeons of Doom to retrieve the Amulet of Yendor! On T:266 you reached level 2 of The Dungeons of Doom. On T:424 you advanced to experience level 2. On T:497 you reached level 3 of The Dungeons of Doom. On T:499 you advanced to experience level 3. On T:742 you reached level 1 of The Gnomish Mines. On T:1109 you reached level 4 of The Dungeons of Doom. On T:1209 you advanced to experience level 4. On T:1547 you reached level 5 of The Dungeons of Doom. On T:2013 you reached level 6 of The Dungeons of Doom. On T:2446 you advanced to experience level 5. Latest messages: [HP+10=35] You miss the enormous rat. The enormous rat bites! [HP-2=33] You hit the enormous rat. The spell hits the enormous rat! The enormous rat is killed! The spell hits it. The spell hits the enormous rat! The enormous rat is killed! [HP+1=34] You hear the splashing of a naiad. [HP+1=35] Hit points restored. [HP+1=36] The soldier ant bites! The soldier ant stings! The soldier ant bites! The soldier ant stings! [HP-24=12] You write "Elbereth" with your fingers into the dust. The soldier ant bites! The soldier ant stings! You die... Final status: Goodbye groovejumper the Wizard... You died in The Dungeons of Doom on dungeon level 6 with 955 points, and 187 pieces of gold, after 2486 moves. You were level 5 with a maximum of 36 hit points when you died.